 Dungeon Crawl Stone Soup version 0.22-a0-587-g7d32d7c (webtiles) character file.

2950 royokou the Destroyer (level 9, -4/48 HPs)
             Began as a Gargoyle Fire Elementalist on July 3, 2018.
             Was a Priest of Vehumet.
             Slain by a hornet (10 damage)
             ... on level 8 of the Dungeon.
             The game lasted 00:47:33 (10300 turns).

royokou the Destroyer (Gargoyle Fire Elementalist) Turns: 10300, Time: 00:47:34

Health: -4/48      AC: 12    Str: 12    XL:     9   Next: 81%
Magic:  6/17       EV:  7    Int: 19    God:    Vehumet [***...]
Gold:   415        SH:  4    Dex: 10    Spells: 1/19 levels left

rFire    . . .     SeeInvis .   q - -1 short sword (curse)
rCold    . . .     Gourm    .   (no shield)
rNeg     + . .     Faith    .   o - +0 robe (curse)
rPois    ∞         Spirit   .   v - +0 helmet
rElec    +         Reflect  +   (no cloak)
rCorr    .         Harm     .   i - +2 pair of gloves
MR       .....                  (no boots)
Stlth    +++.......             k - +4 amulet of reflection
HPRegen  0.16/turn              n - ring of stealth
MPRegen  0.15/turn              x - -5 ring of evasion (curse)

@: about to teleport
A: negative energy resistance 1, electricity resistance, unbreathing,
petrification resistance, rot immunity, AC +6
a: Renounce Religion


You were on level 8 of the Dungeon.
You worshipped Vehumet.
Vehumet was most pleased with you.
You were very hungry.

You visited 1 branch of the dungeon, and saw 8 of its levels.
You also visited: Ossuary.

You collected 415 gold pieces.

Inventory:

Hand Weapons
 d - a +1 mace
 q - a cursed -1 short sword (weapon)
 t - a +0 hunting sling of velocity
 E - a cursed +0 morningstar
Armour
 a - a +0 robe
 e - a +0 leather armour
 i - a +2 pair of gloves (worn)
 l - a +0 scale mail
 o - a cursed +0 robe (worn)
 p - a +0 ring mail
 u - a +0 chain mail
 v - a +0 helmet (worn)
 H - a +0 buckler
 L - a +0 plate armour
Magical Staves
 y - an uncursed staff of summoning {unknown}
Jewellery
 k - a +4 amulet of reflection (around neck)
 n - a ring of stealth (left hand)
 x - a cursed -5 ring of evasion (right hand)
Wands
 j - a wand of flame (22)
Scrolls
 g - 2 scrolls of fog
 h - 3 scrolls of teleportation
 m - 2 scrolls of identify
 s - 3 scrolls of amnesia
 w - a scroll of immolation
 J - a scroll of enchant weapon
Potions
 b - 5 potions of curing
 f - 3 potions of resistance
 r - 4 potions of berserk rage
 z - 5 potions of lignification
 A - 2 potions of mutation
 B - a potion of magic
 C - 2 potions of ambrosia
 D - a potion of agility {unknown}
 F - a potion of haste {unknown}
 G - a potion of flight {unknown}
 I - a potion of brilliance {unknown}
 K - a potion of heal wounds {unknown}
Comestibles
 c - 16 rations


   Skills:
 + Level 2.1 Fighting
 - Level 1.5 Dodging
 - Level 2.1 Stealth
 + Level 2.1 Shields
 - Level 5.5 Spellcasting
 - Level 9.0 Conjurations
 - Level 8.7 Fire Magic


You had one spell level left.
You knew the following spells:

 Your Spells              Type           Power        Failure   Level  Hunger
a - Flame Tongue          Conj/Fire      #####        1%          1    None
b - Conjure Flame         Conj/Fire      #####...     1%          3    ##.....
c - Sticky Flame          Conj/Fire      #####...     1%          4    ####...
d - Searing Ray           Conj           #####.       1%          2    None
e - Fireball              Conj/Fire      #####.....   2%          5    #####..
f - Inner Flame           Hex/Fire       ###.....     1%          3    ##.....

Your spell library contained the following spells:

 Spells                   Type           Power        Failure   Level  Hunger
 Throw Flame              Conj/Fire      #####.       1%          2    None
 Death's Door             Chrm/Necr      #.........   100%        8    #######
 Haunt                    Necr/Summ      #.........   100%        7    #######
 Borgnjor's Revivificati  Necr           #.........   100%        8    #######
 Spider Form              Tmut/Pois      #.........   34%         3    ##.....
 Blade Hands              Tmut           #.........   97%         5    #####..
 Ice Form                 Ice/Tmut       #.......     75%         4    ####...
 Necromutation            Tmut/Necr      #.........   100%        8    #######
 Sticks to Snakes         Tmut           #.......     19%         2    None
 Beastly Appendage        Tmut           #.....       12%         1    None
 Infestation              Necr           #.........   100%        8    #######


Dungeon Overview and Level Annotations

Branches:
Dungeon (8/15)             Temple (0/1) D:4
   Lair: D:8-11

Altars:
Cheibriados
Elyvilon
Fedhas
Gozag
Nemelex Xobeh
Qazlal
Vehumet
Wu Jian
Zin
The Shining One

Annotations:
D:5 1 runed door, cellescent's ghost, novice GnWn
D:6 3 runed doors, Anathary's ghost, novice FoAM; Piginabag's ghost, novice OpWn


Innate Abilities, Weirdness & Mutations

You are resistant to torment.
Your stone body is resilient. (AC +6)
You are immune to poison.
You resist negative energy. (rN+)
You are resistant to electric shocks. (rElec)
You can survive without breathing.
You are immune to petrification.
You are immune to rotting.


Message History

The hornet stings you but does no damage.
You block the hornet's attack.
Casting: Searing Ray (safe; 1% risk of failure)
Confirm with . or Enter, or press ? or * to list all spells.
Aiming: Searing Ray (safe; 1% risk of failure)
Press: ? - help, Shift-Dir - straight line, f - hornet
Aim: a hornet The searing ray misses the hornet. (Press . to maintain the ray.)
The hornet stings you.
The searing ray hits the hornet.
The hornet is lightly wounded.
The hornet stings you. The hornet stings you!
* * * LOW HITPOINT WARNING * * *
Okay, then.
The hornet stings you!
* * * LOW HITPOINT WARNING * * *
As you read the scroll of teleportation, it crumbles to dust.
You feel strangely unstable. The hornet stings you!
You die...

....#.............#
....#.............##
....#.......#####..#
....#.......# ##.##
....#.......# #..#
....#.....####
###.##
#####..####.#.#
#.#..# ####
#y#.##.##.#
#†#y@..#.# #y##..#.#
####..#.# ##.#.#
#.#.# #.#.# #.#.#
#.#.# #.#.#


You could see 2 hornets.

Vanquished Creatures
  A two-headed ogre (D:8)
  A hornet (D:8)
  A sky beast (D:6)
  A black bear (D:6)
  An ogre (D:7)
  A phantom (D:7)
  A centaur (D:5)
  5 bullfrogs
  A scorpion (D:6)
  3 crimson imps
  3 centaur zombies
  A jelly (D:6)
  A human zombie (Ossuary)
  2 hounds
  A bullfrog skeleton (D:5)
  An orc wizard (D:8)
  2 orc priests
  3 iguanas
  7 worker ants
  5 mummies
  4 gnolls
  7 adders
  A shadow imp (D:7)
  A white imp (D:4)
  An adder zombie (D:7)
  4 worms
  3 leopard geckos
  11 orcs
  4 giant cockroaches
  2 gnoll zombies (Ossuary)
  9 goblins
  13 hobgoblins
  17 jackals
  7 quokkas
  A ball python (D:4)
  5 bats
  4 frilled lizards
  2 goblin skeletons (D:4)
  2 goblin zombies
  3 hobgoblin zombies
  8 kobolds
  A kobold skeleton (D:4)
  3 kobold zombies (D:4)
  A leopard gecko skeleton (D:6)
  A leopard gecko zombie (D:7)
  An orc zombie (D:4)
  6 rats
164 creatures vanquished.

Vanquished Creatures (others)
  3 withered plants (D:6)
3 creatures vanquished.

Grand Total: 167 creatures vanquished

Notes
Turn   | Place    | Note
-------+----------+-------------------------------------------
     0 | D:1      | royokou the Gargoyle Fire Elementalist began the quest for the Orb.
     0 | D:1      | Reached XP level 1. HP: 10/10 MP: 3/3
    96 | D:1      | Reached XP level 2. HP: 15/15 MP: 0/5
   333 | D:1      | Reached skill level 2 in Conjurations
   466 | D:1      | Reached XP level 3. HP: 19/19 MP: 6/6
   531 | D:1      | Learned a level 3 spell: Conjure Flame
  1142 | D:1      | Reached XP level 4. HP: 18/24 MP: 0/7
  1546 | D:2      | Found a stormy altar of Qazlal.
  1547 | D:2      | Found a radiant altar of Vehumet.
  1547 | D:2      | Found an opulent altar of Gozag.
  1547 | D:2      | Found an ornate altar of the Wu Jian Council.
  1553 | D:2      | Became a worshipper of Vehumet
  1618 | D:2      | Reached skill level 3 in Conjurations
  1627 | D:2      | Learned a level 4 spell: Sticky Flame
  2346 | D:3      | Found a sparkling altar of Nemelex Xobeh.
  2403 | D:3      | Reached XP level 5. HP: 27/28 MP: 2/8
  2646 | D:3      | Reached * piety under Vehumet
  2646 | D:3      | Offered knowledge of Freeze by Vehumet.
  3380 | D:4      | Found a white marble altar of Elyvilon.
  3817 | D:4      | Found a staircase to the Ecumenical Temple.
  3886 | D:4      | Reached skill level 4 in Conjurations
  3933 | D:4      | Found a glowing golden altar of the Shining One.
  3940 | D:4      | Reached XP level 6. HP: 32/32 MP: 3/10
  4424 | D:5      | Entered Level 5 of the Dungeon
  4441 | D:5      | Found a sand-covered staircase.
  4476 | Ossuary  | Entered an ossuary
  4538 | Ossuary  | Offered knowledge of Searing Ray by Vehumet.
  4538 | Ossuary  | Reached skill level 5 in Fire Magic
  4542 | Ossuary  | Learned a level 2 spell: Searing Ray
  4622 | Ossuary  | Reached ** piety under Vehumet
  5149 | D:5      | Reached XP level 7. HP: 36/36 MP: 10/12
  5176 | D:5      | Reached skill level 5 in Conjurations
  5614 | D:5      | Found a snail-covered altar of Cheibriados.
  5797 | D:5      | Found a runed door.
  5800 | D:5      | Noticed cellescent's ghost (novice GnWn)
  6278 | D:6      | Found a runed gate.
  6278 | D:6      | Found a runed gate.
  6278 | D:6      | Found a runed gate.
  6278 | D:6      | Noticed Anathary's ghost (novice FoAM)
  6279 | D:6      | Noticed Piginabag's ghost (novice OpWn)
  6517 | D:6      | Reached skill level 6 in Conjurations
  6517 | D:6      | Reached XP level 8. HP: 34/41 MP: 2/14
  7383 | D:7      | Offered knowledge of Ignite Poison by Vehumet.
  8117 | D:7      | Reached skill level 7 in Conjurations
  8346 | D:7      | Found a glowing silver altar of Zin.
  8819 | D:8      | Reached *** piety under Vehumet
  8930 | D:8      | Reached XP level 9. HP: 45/45 MP: 11/16
  8937 | D:8      | Learned a level 5 spell: Fireball
  8979 | D:8      | Found a blossoming altar of Fedhas.
  9163 | D:8      | Noticed a two-headed ogre
  9585 | D:8      | Reached skill level 5 in Spellcasting
  9585 | D:8      | Reached skill level 8 in Conjurations
  9598 | D:8      | Killed a two-headed ogre
  9858 | D:8      | Reached skill level 9 in Conjurations
  9871 | D:8      | Learned a level 3 spell: Inner Flame
 10287 | D:8      | Noticed a hornet
 10294 | D:8      | Killed a hornet
 10294 | D:8      | Noticed a hornet
 10294 | D:8      | Noticed a hornet
 10300 | D:8      | Slain by a hornet

Vault maps used:
D:1:      mainiacjoe_arrival_reflecting_pool, kennysheep_decorative_pillar,
          minmay_three_crescents
D:2:      chequers_temple_overflow_statue_of_worship
D:3:      nemelex_xobeh_ov_fountains_minmay
D:4:      overflow_temple_1_default, minmay_temple_entry_trees, first_ration,
          minmay_tree_intersection, grunt_ministairs_13,
          nicolae_tso_besieged_by_evil
D:5:      cheibriados_altar_1, gammafunk_ghost_grave, gup_ossuary_entry_pyramid
D:6:      gammafunk_ghost_cemetery
D:7:      lemuel_doored_altar, minmay_checkerbox
D:8:      hangedman_pestilent_swarm, fedhas_altar_2
Ossuary:  ossuary_crypta

Skill      XL: |  1  2  3  4  5  6  7  8  9 |
---------------+----------------------------+-----
Conjurations   | 2 3 4 6 7 9 |  9.0
Fire Magic     | 4 5 6 7 8 |  8.7
Spellcasting   | 3 4 5 |  5.5
Fighting       | 2 |  2.1
Shields        | 2 |  2.1
Dodging        | |  1.5
Stealth        | |  2.1

Action                   |  1- 3 |  4- 6 |  7- 9 || total
-------------------------+-------+-------+-------++-------
Melee: Mace              |    27 |    16 |       ||    43
       Unarmed           |     2 |       |       ||     2
       Short sword       |       |    36 |    23 ||    59
 Cast: Flame Tongue      |    49 |   156 |    62 ||   267
       Searing Ray       |       |    11 |    61 ||    72
       Conjure Flame     |       |     1 |     2 ||     3
       Fireball          |       |       |     3 ||     3
  Use: Scroll            |     4 |    14 |     1 ||    19
  Eat: Chunk             |     1 |    12 |    12 ||    25
       Ration            |       |       |     2 ||     2
Armor: Leather armour    |    12 |     5 |       ||    17
       Robe              |     2 |    35 |   105 ||   142
Dodge: Dodged            |    30 |    69 |    66 ||   165
Block: Other             |     3 |    28 |    28 ||    59
       Reflection        |       |       |     1 ||     1

Table legend:
 A = Spawn XP
 B = Non-spawn XP
 C = Spawn XP percentage of total XP
 D = Spawn monster count
 E = Non-spawn monster count
 F = Spawn count percentage of total count
 G = Total turns spent on level
                    A         B        C        D         E        F      G
               +---------+---------+-------+---------+---------+-------+---------
         Total |       0 |    4215 |   0.0 |       0 |     164 |   0.0 | 10300
               +---------+---------+-------+---------+---------+-------+---------
           D:1 |       0 |      77 |   0.0 |       0 |      32 |   0.0 |  1200
           D:2 |       0 |      75 |   0.0 |       0 |      20 |   0.0 |   977
           D:3 |       0 |      96 |   0.0 |       0 |      25 |   0.0 |  1440
           D:4 |       0 |     118 |   0.0 |       0 |      18 |   0.0 |   807
           D:5 |       0 |     246 |   0.0 |       0 |       6 |   0.0 |   913
           D:6 |       0 |     789 |   0.0 |       0 |      19 |   0.0 |  1810
           D:7 |       0 |     625 |   0.0 |       0 |      17 |   0.0 |  1479
           D:8 |       0 |    1967 |   0.0 |       0 |      15 |   0.0 |  1106
       Ossuary |       0 |     222 |   0.0 |       0 |      12 |   0.0 |   568
               +---------+---------+-------+---------+---------+-------+---------
